 Dungeon Crawl Stone Soup version 0.28.0-1-gb440e238dd (webtiles) character file.

Game seed: 11851793435852512943

4072 Strat the Basher (level 10, -3/65 HPs)
             Began as an Octopode Wanderer on Feb 21, 2022.
             Was an Initiate of Yredelemnul.
             Slain by a killer bee (6 damage)
             ... on level 9 of the Dungeon on Feb 22, 2022.
             The game lasted 00:27:22 (11021 turns).

Strat the Basher (Octopode Wanderer)               Turns: 11021, Time: 00:27:24

Health: -3/65      AC:  2    Str: 13    XL:     10   Next: 25%
Magic:  21/21      EV: 19    Int: 14    God:    Yredelemnul [......]
Gold:   445        SH:  0    Dex: 15    Spells: 0/11 levels left

rFire   + . .      SeeInvis .   b - +3 flail (vorpal)
rCold   + . .      Faith    .   (no shield)
rNeg    + + +      Spirit   .   c - +1 hat
rPois   .          Reflect  .   h - amulet of regeneration
rElec   .          Harm     .   d - ring of Qeenof {rC+ rN++ Will+}
rCorr   .          Rampage  .   g - ring of magical power
Will    +....                   i - ring of positive energy
Stlth   ++........              x - ring of positive energy
HPRegen 1.00/turn               r - +4 ring of evasion
MPRegen 0.17/turn               z - ring of wizardry
                                C - ring of protection from fire
                                (no ring)

@: no status effects
A: almost no armour, amphibious, 8 rings, camouflage 1, gelatinous body 1,
(nimble swimmer 1), tentacles
a: Renounce Religion, Recall Undead Harvest


You were on level 9 of the Dungeon.
You worshipped Yredelemnul.
Yredelemnul was noncommittal.
You visited 1 branch of the dungeon, and saw 9 of its levels.
You also visited: Sewer.

You collected 1237 gold pieces.
You spent 792 gold pieces at shops.

Inventory:

Hand Weapons
 a - a +0 shortbow
 b - a +3 vorpal flail (weapon)
 p - a +0 mace
Missiles
 e - 109 arrows
 j - 364 stones (quivered)
 l - 4 datura-tipped darts
Armour
 c - a +1 hat (worn)
Jewellery
 d - the ring of Qeenof (left tentacle) {rC+ rN++ Will+}
   (You found it on level 5 of the Dungeon)

   [ring of willpower]

   rC:        It protects you from cold.
   rN:        It greatly protects you from negative energy.
   Will:      It increases your willpower.
 g - a ring of magical power (right tentacle)
 h - an amulet of regeneration (around mantle)
 i - a ring of positive energy (on tentacle)
 r - a +4 ring of evasion (on tentacle)
 x - a ring of positive energy (on tentacle)
 z - a ring of wizardry (on tentacle)
 C - a ring of protection from fire (on tentacle)
 G - an amulet of guardian spirit
Wands
 k - a wand of acid (11)
 m - a wand of digging (12)
 y - a wand of paralysis (2)
 H - a wand of flame (20)
Scrolls
 o - a scroll of silence
 q - a scroll of immolation
 E - a scroll of identify
 K - a scroll of fog
Potions
 f - 2 potions of heal wounds
 n - 3 potions of attraction
 s - 3 potions of magic
 t - 3 potions of curing
 u - a potion of berserk rage
 v - a potion of flight
 w - 2 potions of mutation
 A - 2 potions of brilliance
 D - 3 potions of cancellation
 F - a potion of lignification
 I - 2 potions of haste


   Skills:
 + Level 4.9 Fighting
 + Level 9.8 Maces & Flails
 - Level 4.0 Bows
 + Level 5.7 Dodging
 - Level 1.0 Spellcasting
 - Level 5.0 Translocations
 - Level 4.2 Fire Magic
 + Level 1.3 Air Magic
 + Level 2.8 Invocations
 - Level 3.0 Evocations


You couldn't memorise any spells.
You knew the following spells:

 Your Spells              Type           Power      Damage    Failure   Level
a - Foxfire               Conj/Fire      24%        2x1d5     4%          1
b - Blink                 Tloc           28%        N/A       1%          2
c - Manifold Assault      Tloc           14%        N/A       34%         5
d - Swiftness             Air            4%         N/A       19%         3

Your spell library contained the following spells:

 Spells                   Type           Power      Damage    Failure   Level
 Scorch                   Fire           24%        2d6       2%          2
 Animate Skeleton         Necr           0%         N/A       11%         1
 Inner Flame              Hex/Fire       6%         N/A       13%         3
 Ensorcelled Hibernation  Hex/Ice        0%         N/A       16%         2
 Passwall                 Tmut/Erth      0%         N/A       16%         2
 Flame Wave               Conj/Fire      6%         2d5       38%         4
 Summon Cactus Giant      Summ           0%         N/A       100%        6
 Storm Form               Tmut/Air       1%         N/A       100%        7


Dungeon Overview and Level Annotations

Branches:
Dungeon (9/15)             Temple (0/1) D:4           Sewer (visited)
   Lair: D:8-11         Orc: D:9-12

Altars:
Elyvilon
Hepliaklqana
Makhleb
Qazlal
Wu Jian
Xom
Yredelemnul

Shops:
D:1 =((

Annotations:
D:4 2 transporters
D:8 Joseph


Innate Abilities, Weirdness & Mutations

You cannot wear most types of armour.
You are amphibious.
You can wear up to eight rings at the same time.
Your skin changes colour to match your surroundings (Stealth+).
Your rubbery body absorbs attacks. (AC +1, EV +1)
((You are camouflaged when in or above water. (Stealth+)))
You have tentacles for arms and can constrict up to eight enemies at once.


Message History

You barely miss the killer bee. You squeeze the killer bee.
The killer bee is almost dead.
You constrict the killer bee.
You kill the killer bee!
You feel sick.
A black mist starts to gather...
The killer bee misses you.
You hit the killer bee. Your grab misses the killer bee.
Your squeeze misses the killer bee.
The killer bee is heavily wounded.
You feel sick. The killer bee closely misses you.
Your killer bee zombie hits the killer bee.
The killer bee misses you.
You barely miss the killer bee. Your grab misses the killer bee.
The killer bee is heavily wounded.
You feel sick. The killer bee misses you.
Your killer bee zombie misses the killer bee. x2
The killer bee stings you!
* * * LOW HITPOINT WARNING * * *
You hit the killer bee. Your grab misses the killer bee.
You squeeze the killer bee, but do no damage.
The killer bee is heavily wounded.
You feel sick. The killer bee barely misses you.
Your killer bee zombie closely misses the killer bee.
The killer bee barely misses you.
You hit the killer bee. Your grab misses the killer bee.
You squeeze the killer bee.
You kill the killer bee!
You feel sick.
You are no longer poisoned.
Your killer bee zombie hits the killer bee.
The killer bee misses you.
Your killer bee zombie hits the killer bee.
The killer bee completely misses your killer bee zombie.
Unknown command.
You closely miss the killer bee. Your grab misses the killer bee.
Your squeeze misses the killer bee. The killer bee completely misses you.
Your killer bee zombie hits the killer bee.
The killer bee dies!
A black mist starts to gather...
The killer bee stings you.
You die...
Your body rises from the dead as a mindless zombie.

K.K........#..###..........
........................#.###
##K........##......##........
.#..######.##......#...#.....
....###.........Z..#.........
.#.........##.Z..............
.....##....#....yg...........
...####.......##y##.#.......#
...........#..##@#..#.......#
.....#.......###...##.......#
#.#.........####..###?......#
#.........### #...###.......#
..#####...# #...#.........#
###### #........#.#.#.......#
.....###........#..y##.######
......##.#.....##.### .#
.......#.#..... #.# ..


You could see 2 killer bees, a gnoll and 2 friendly killer bee zombies.

Vanquished Creatures
  A wyvern (D:5)
  Edmund (D:5)
  A water moccasin (D:8)
  3 ice beasts
  2 black bears (D:6)
  A sky beast (D:5)
  A necrophage (D:5)
  4 ogres
  A centaur (D:8)
  A phantom (D:5)
  5 kobold brigands
  Blork the orc (D:6)
  A scorpion (D:7)
  A wyvern zombie (D:7)
  11 killer bees
  9 wights
  2 bullfrog zombies
  A centaur zombie (D:6)
  An orc priest (D:5)
  Crazy Yiuf (D:2)
  4 jellies
  2 centaur skeletons
  2 bullfrog skeletons
  2 hounds
  Ijyb (D:5)
  Jessica (D:2)
  2 iguanas
  An orc wizard (D:9)
  A scorpion zombie (D:5)
  Natasha (D:2)
  Robin (D:3)
  2 gnolls
  6 adders
  2 white imps
  2 ufetubi
  5 worms
  A dart slug (D:1)
  12 orcs
  13 ball pythons
  7 bats
  11 endoplasms
  4 giant cockroaches
  16 goblins
  9 hobgoblins
  10 jackals
  25 kobolds
  8 quokkas
  A frilled lizard (D:2)
  4 rats
205 creatures vanquished.

Vanquished Creatures (collateral kills)
  An ogre (D:5)
  2 killer bees (D:9)
  A wight (D:6)
  2 orc priests (D:5)
  An iguana (D:5)
  An orc wizard (D:5)
  A hound skeleton (D:5)
  A howler monkey zombie (D:8)
  A shadow imp (D:6)
  A worm (Sewer)
  An orc (D:5)
  A kobold (D:8)
14 creatures vanquished.

Vanquished Creatures (others)
  A wyvern zombie (D:5)
  A water moccasin zombie (D:8)
  An ogre zombie (D:5)
  2 hound zombies
  2 spectral jellies
  A goblin zombie (D:5)
  A gnoll zombie (D:5)
  2 ball python zombies (D:3)
  10 kobold zombies
  2 orc zombies
  A quokka zombie (D:5)
  A spectral endoplasm (D:3)
  63 foxfires
  2 fungi (D:2)
  2 plants (D:2)
92 creatures vanquished.

Grand Total: 311 creatures vanquished

Notes
Turn   | Place    | Note
-------+----------+-------------------------------------------
     0 | D:1      | Strat the Octopode Wanderer began the quest for the Orb.
     0 | D:1      | Strat set off with the following items: a +0 shortbow, 28
                  | arrows, a +0 hat; and the following spell memorised:
                  | Foxfire; and the following spells available to memorise:
                  | Inner Flame, Flame Wave
     0 | D:1      | Reached XP level 1. HP: 13/13 MP: 2/2
   141 | D:1      | Reached XP level 2. HP: 18/18 MP: 3/3
   141 | D:1      | Found Raqunar's Jewellery Emporium.
   243 | D:1      | Found Muthiery's Weapon Shoppe.
   503 | D:1      | Found Vodewn's Weapon Shoppe.
   760 | D:1      | Reached XP level 3. HP: 23/23 MP: 1/4
  1694 | D:2      | Noticed Jessica
  1754 | D:2      | Killed Jessica
  1755 | D:2      | Reached XP level 4. HP: 28/28 MP: 1/5
  1860 | D:2      | Learned a level 2 spell: Blink
  2215 | D:2      | Found a runed translucent door.
  2216 | D:2      | Noticed Crazy Yiuf
  2248 | D:2      | Found a faded altar of an unknown god.
  2253 | D:2      | Got Plato's Collected Works on Black Arts
  2312 | D:2      | Noticed Natasha
  2330 | D:2      | Killed Natasha
  2331 | D:2      | Reached skill level 1 in Maces & Flails
  2446 | D:2      | Reached skill level 2 in Maces & Flails
  2580 | D:2      | Reached XP level 5. HP: 26/33 MP: 6/6
  3222 | D:3      | Noticed Robin
  3275 | D:3      | Killed Robin
  3486 | D:3      | Reached skill level 3 in Maces & Flails
  4291 | D:3      | Found a burning altar of Makhleb.
  4291 | D:3      | Found a basalt altar of Yredelemnul.
  4360 | D:3      | Became a worshipper of Yredelemnul the Dark
  4407 | D:3      | Found a hazy altar of Hepliaklqana.
  4519 | D:3      | Reached skill level 1 in Translocations
  4665 | D:4      | Reached XP level 6. HP: 21/38 MP: 7/7
  4812 | D:4      | Found a transporter.
  4856 | D:4      | Found a staircase to the Ecumenical Temple.
  5095 | D:4      | Found a stormy altar of Qazlal.
  5103 | D:4      | Reached skill level 4 in Maces & Flails
  5330 | D:4      | Found a transporter.
  5494 | D:4      | Reached * piety under Yredelemnul
  5855 | D:5      | Entered Level 5 of the Dungeon
  5923 | D:5      | Noticed an ice beast
  5934 | D:5      | Noticed a sky beast
  6026 | D:5      | Noticed Ijyb
  6030 | D:5      | Noticed a necrophage
  6041 | D:5      | Killed a necrophage
  6042 | D:5      | Reached skill level 5 in Maces & Flails
  6043 | D:5      | Killed Ijyb
  6044 | D:5      | Reached XP level 7. HP: 36/43 MP: 6/8
  6282 | D:5      | Noticed a wyvern
  6302 | D:5      | Your ally Ijyb died
  6307 | D:5      | Reached skill level 1 in Evocations
  6362 | D:5      | Killed a wyvern
  6363 | D:5      | Reached skill level 6 in Maces & Flails
  6420 | D:5      | Identified a scroll of acquirement
  6420 | D:5      | Acquired 808 gold pieces
  6711 | D:5      | Identified the ring of Qeenof {rC+ rN++ Will+}
  6743 | D:5      | Reached XP level 8. HP: 48/51 MP: 7/9
  6936 | D:5      | Noticed Edmund
  6946 | D:5      | Killed Edmund
  7213 | D:5      | Reached skill level 7 in Maces & Flails
  7223 | D:5      | Reached ** piety under Yredelemnul
  7443 | D:1      | Bought a +4 ring of evasion for 432 gold pieces
  7444 | D:1      | Bought a ring of wizardry for 360 gold pieces
  7451 | D:1      | Learned a level 5 spell: Manifold Assault
  7593 | D:2      | Killed Crazy Yiuf
  8047 | D:5      | Reached skill level 8 in Maces & Flails
  8148 | D:5      | Reached XP level 9. HP: 25/58 MP: 10/10
  8391 | D:6      | Found a white marble altar of Elyvilon.
  8537 | D:6      | Found an ornate altar of the Wu Jian Council.
  8540 | D:6      | Found a shimmering altar of Xom.
  8556 | D:6      | Noticed Blork the orc
  8575 | D:6      | Killed Blork the orc
  8716 | D:6      | Found a glowing drain.
  8721 | Sewer    | Entered a sewer
  8816 | Sewer    | Reached skill level 5 in Translocations
  8820 | Sewer    | Reached skill level 5 in Dodging
  9799 | D:7      | Reached skill level 9 in Maces & Flails
  9914 | D:7      | Noticed a troll
  9960 | D:7      | You fall into a shaft and drop 2 floors!
 10078 | D:9      | Reached skill level 1 in Invocations
 10088 | D:9      | Reached XP level 10. HP: 20/65 MP: 11/11
 10185 | D:9      | Noticed Joseph
 10216 | D:8      | Identified the +9 dagger of Vuehuj {chaos, rC+++ Str-5
                  | SInv}
 10309 | D:8      | Learned a level 3 spell: Swiftness
 10520 | D:8      | Reached skill level 1 in Air Magic
 11018 | D:9      | HP: 2/65 [killer bee (8)]
 11021 | D:9      | Slain by a killer bee

Illustrated notes

Levels and vault maps discovered:
D:1:      lightli_arrival_statuegarden, layout_basic, serial_shops, shop_statue,
          shop, shop, minmay_misc_feat_chi
D:2:      layout_loops_corners, shapermc_ecumenical_altar_rom_forum, hex_large,
          uniq_natasha, uniq_crazy_yiuf_cottage, uniq_jessica
D:3:      layout_loops_ring, old_standard_altar, gammafunk_temple_overflow_wave,
          guppyfry_early_orc_mine, uniq_robin
D:4:      gammafunk_steamed_eel, layout_basic, grunt_qazlal_clouds,
          minmay_temple_entry_slanted
D:5:      layout_loops_ring, hangedman_decor_push, minmay_pentangle,
          uniq_edmund, uniq_ijyb
D:6:      layout_basic, elyvilon_altar_3, nicolae_overflow_squiral,
          gup_sewer_entry_bowl, uniq_blork_the_orc
D:7:      layout_rooms, lemuel_round_altar, hex_intersection,
          chequers_serial_rivers_micro_b, minmay_microvault
D:8:      layout_rooms, corexii_corridor_pit
D:9:      layout_rooms, uniq_joseph

Skill      XL: |  1  2  3  4  5  6  7  8  9 10 |
---------------+-------------------------------+-----
Fire Magic     | 3 4 |  4.2
Maces & Flails | 2 3 5 6 8 9 |  9.8
Translocations | 1 2 3 5 |  5.0
Evocations     | 2 3 |  3.0
Fighting       | 2 3 4 |  4.9
Dodging        | 3 5 |  5.7
Invocations    | 1 2 |  2.8
Air Magic      | 1 |  1.3
Bows           | |  4.0
Spellcasting   | |  1.0

Action                   |  1- 3 |  4- 6 |  7- 9 | 10-12 || total
-------------------------+-------+-------+-------+-------++-------
Melee: Unarmed           |     9 |       |       |       ||     9
       Mace              |    24 |    40 |       |       ||    64
       Constrict         |    10 |    30 |    38 |    15 ||    93
       Tentacles         |     3 |    28 |    50 |    17 ||    98
       Punch             |     1 |       |     5 |     1 ||     7
       Flail             |       |    81 |   224 |    65 ||   370
 Fire: Shortbow          |    14 |    16 |     3 |       ||    33
 Cast: Foxfire           |    12 |    13 |     8 |       ||    33
Evoke: Wand              |       |       |    12 |     1 ||    13
  Use: Potion            |       |     3 |     1 |     2 ||     6
       Scroll            |       |       |    16 |    10 ||    26
 Stab: Sleeping          |     3 |    12 |     6 |       ||    21
       Paralysed         |       |       |    11 |     2 ||    13
       Distracted        |       |       |     3 |       ||     3
Armor: Skin              |     5 |    13 |    16 |     6 ||    40
Dodge: Dodged            |    39 |    82 |   171 |   125 ||   417
